 Dungeon Crawl Stone Soup version 0.15.1-3-g1b33baa (webtiles) character file.

220967 Heini the Shatterer (level 18, 182/182 HPs)
             Began as a Minotaur Fighter on Oct 11, 2014.
             Was the Champion of Okawaru.
             Drowned
             ... in an ice cave on Oct 12, 2014.
             The game lasted 03:20:49 (43975 turns).

Heini the Shatterer (Minotaur Fighter)             Turns: 43975, Time: 03:20:49

HP 182/182       AC 29     Str 31      XL: 18   Next: 49%
MP  10/10        EV  8     Int  5      God: Okawaru [******]
Gold 4271        SH  8     Dex 13      Spells:  0 memorised, 17 levels left

rFire  + . .     SeeInvis +     Y - +6 demon whip of Chaos {flame, Dex+3 Stlth+}
rCold  . . .     Clarity  +     U - +1 plate armour {MR+}
rNeg   + + .     rCorr    .     J - +3 buckler of Dawn {rPois rN+}
rPois  +         rRot     .     P - +2 hat
rElec  +         Spirit   .     K - +2 cloak
SustAb .         Warding  .     f - +1 pair of gloves
rMut   .         Stasis   .     o - +0 pair of boots "Hero's Friend" {rElec MR+}
Gourm  .                        t - cursed amulet of clarity
MR     +++..                    y - ring of flight
                                X - ring of Ozeo {rElec rN+ Str+2 SInv}

@: extremely resistant to hostile enchantments, extremely unstealthy
A: retaliatory headbutt, horns 2, fire resistance 1, poison resistance
a: Heroism, Finesse, Renounce Religion, Evoke Flight
}: 1/15 runes: gossamer


You were in an ice cave.
You worshipped Okawaru.
Okawaru was exalted by your worship.
You were not hungry.

You visited 8 branches of the dungeon, and saw 39 of its levels.
You also visited: Sewer, Ossuary, Bailey, Ice Cave and Volcano.

You collected 4271 gold pieces.

Inventory:

Hand weapons
 B - a +8 great mace of protection
 Y - the +6 demon whip of Chaos (weapon) {flame, Dex+3 Stlth+}
   (Okawaru gifted it to you on level 1 of the Depths)

   It emits flame when wielded, causing extra injury to most foes and up to
   double damage against particularly susceptible opponents.
   It affects your dexterity (+3).
   It makes you more stealthy.
Armour
 f - a +1 pair of gloves (worn)
 o - the +0 pair of boots "Hero's Friend" (worn) {rElec MR+}
   (Okawaru gifted it to you on level 4 of the Lair of Beasts)

   It insulates you from electricity.
   It affects your resistance to hostile enchantments.
 J - the +3 buckler of Dawn (worn) {rPois rN+}
   (Okawaru gifted it to you on level 8 of the Lair of Beasts)

   It protects you from poison.
   It protects you from negative energy.
 K - a +2 cloak (worn)
 P - a +2 hat (worn)
 U - a +1 plate armour of magic resistance (worn)
Magical devices
 b - a wand of confusion (12) {unknown}
 c - a wand of digging (5)
 H - a wand of frost (14)
 W - a wand of paralysis (12)
Comestibles
 d - 18 bread rations
 r - 15 meat rations
 x - 14 slices of pizza
 D - 8 beef jerkies
 R - 42 fruits
 S - 17 royal jellies
Scrolls
 h - 5 scrolls of enchant weapon
 i - 9 scrolls of enchant armour
 q - 25 scrolls of teleportation
 s - a scroll of holy word
 w - 8 scrolls of remove curse
 A - 2 scrolls of blinking
 F - a scroll of summoning
 I - a scroll of magic mapping
 L - 11 scrolls of fear
 N - 2 scrolls of brand weapon
 O - 15 scrolls of identify
 Q - 3 scrolls of fog
 Z - 4 scrolls of recharging
Jewellery
 m - the ring "Crumeeg" {rElec rF+ Dex+3 SInv}
   (You found it on level 6 of the Lair of Beasts)

   [ring of protection from fire]

   It affects your dexterity (+3).
   It protects you from fire.
   It insulates you from electricity.
   It enhances your eyesight.
 t - a cursed amulet of clarity (around neck)
 y - a ring of flight (right hand)
 C - an uncursed ring of invisibility
 E - an uncursed amulet of rage
 G - an uncursed ring of positive energy
 M - an uncursed ring of sustain abilities
 X - the ring of Ozeo (left hand) {rElec rN+ Str+2 SInv}
   (You found it in a bailey)

   [ring of positive energy]

   It affects your strength (+2).
   It insulates you from electricity.
   It protects you from negative energy.
   It enhances your eyesight.
Potions
 a - 3 potions of flight
 e - 5 potions of might
 g - 9 potions of agility
 j - 4 potions of heal wounds
 k - a potion of invisibility
 l - 4 potions of haste
 n - 3 potions of cancellation
 p - 4 potions of resistance
 u - 13 potions of curing
 v - 3 potions of restore abilities
 V - a potion of cure mutation


   Skills:
 * Level 21.1 Fighting
 * Level 25.2 Maces & Flails
 * Level 17.4 Armour
 - Level 3.6 Shields
 - Level 1.3 Invocations
 - Level 1.3 Evocations


You had 17 spell levels left.
You didn't know any spells.

Dungeon Overview and Level Annotations

Branches:
Dungeon (15/15)            Temple (1/1) D:4             Orc (4/4) D:12
    Elf (1/3) Orc:4          Lair (8/8) D:11          Swamp (4/5) Lair:3
 Spider (5/5) Lair:5        Slime (0/6) Lair:8       Vaults (0/5) D:14
 Depths (1/5) D:15

Altars:
Ashenzari
Cheibriados
Dithmenos
Elyvilon
Fedhas
Kikubaaqudgha
Makhleb
Nemelex Xobeh
Okawaru
Qazlal
Sif Muna
Trog
Vehumet
Xom
Yredelemnul
Zin
The Shining One
Beogh
Jiyva

Shops:
D:7 =   Orc:2 =   Orc:3 *(   Orc:4 *??*


Innate Abilities, Weirdness & Mutations

You reflexively headbutt those who attack you in melee.
You have a pair of horns on your head.
Your flesh is heat resistant.
Your system is resistant to poisons.


Message History

(? for menu, Esc to cancel) < or
X - the ring of Ozeo {rElec rN+ Str+2 SInv} > or
m - the ring "Crumeeg" {rElec rF+ Dex+3 SInv} You remove the ring "Crumeeg" {rElec rF+ Dex+3 SInv}.
y - a ring of flight (right hand) Use which ability? (? or * to list)
Okay, then.
Use which ability? (? or * to list)
You fail to use your ability.
Use which ability? (? or * to list)
You feel very buoyant.
You fly up into the air.
You feel somewhat more hungry.
Careful!
You are starting to lose your buoyancy.
Use which ability? (? or * to list)
You can't do that.
Use which ability? (? or * to list)
You can't do that.
You float gracefully downwards.
You fall into the water!
You sink like a stone!
You drown...
You die...

##### ≈≈≈≈≈# #≈≈≈#######
######## #≈≈≈#≈≈.###
##≈≈≈≈≈≈# ##≈≈≈≈#≈..#
##≈≈≈≈≈≈≈≈ ####≈≈#≈≈≈##
###≈≈≈≈≈≈≈##
##.≈≈####≈≈≈#####≈≈≈≈≈≈####
#..###≈≈≈≈≈#≈≈#≈≈≈###### ##
##..###≈≈≈≈@≈≈≈≈≈## .###
##..####≈≈≈≈≈≈≈≈### ...##
#..### ##≈≈#≈#≈≈≈≈## #...#
##...## ##≈≈≈≈≈#≈≈≈# ..###
###..# #≈≈≈##≈≈≈≈#≈# ###
#...#####≈≈≈≈≈≈≈### .##
###..## ##≈≈##### ..##
##..## #≈≈ ...## ##..####≈≈


There were no monsters in sight!

Vanquished Creatures
  Nikola (Spider:3)
  Arachne (Spider:5)
  A sphinx (D:12)
  Rupert (Lair:5)
  Frances (Spider:2)
  Roxanne (D:14)
  6 ghost moths
  A fire giant (Depths:1)
  Aizul (Spider:1)
  Louise (Spider:1)
  8 emperor scorpions
  4 very ugly things
  A stone giant (Depths:1)
  A deep elf annihilator (Elf:1)
  A dire elephant (Depths:1)
  2 great orbs of eyes (Depths:1)
  A vault guard (D:14)
  2 minotaurs (Depths:1)
  An ettin (D:15)
  A fire dragon (Depths:1)
  Fannar (Orc:3)
  A rakshasa (Depths:1)
  Harold (D:11)
  14 hydras
  A shambling mangrove (Swamp:3)
  Erica (D:12)
  A deep troll shaman (Depths:1)
  8 death yaks
  A deep troll earth mage (D:12)
  2 tengu warriors (D:14)
  8 orc high priests (Orc:4)
  An ogre mage (D:15)
  3 alligators
  Urug (D:11)
  The ghost of CrazyArbalest the Slicer, an experienced HaFi of Makhleb (Bailey)
  A sun demon (Orc:4)
  Nergalle (Lair:3)
  2 iron trolls (Depths:1)
  4 deep trolls
  3 ice devils (IceCv)
  6 swamp dragons
  4 unseen horrors
  16 orb spiders
  An ice statue (IceCv)
  Erolcha (Orc:2)
  A spectral wolf spider (D:14)
  2 deep elf summoners (Elf:1)
  The ghost of SolBianca the Skirmisher, an experienced HuBe of Trog (D:6)
  3 orc knights
  A deep elf conjurer (Elf:1)
  A necromancer (D:15)
  3 manticores
  42 wolf spiders
  4 red wasps
  26 ugly things
  2 griffons
  9 hill giants
  An orc sorcerer (D:15)
  A cyclops (D:11)
  An octopode (shapeshifter) (D:14)
  2 centaur zombies (D:15)
  Joseph (Orc:4)
  An iron devil (Orc:4)
  2 black mambas
  10 elephants
  9 spiny frogs
  A torpor snail (Spider:2)
  2 centaur skeletons
  A komodo dragon (shapeshifter) (D:15)
  2 yaktaurs
  13 demonic crawlers
  13 komodo dragons
  5 fire drakes
  4 tengu conjurers
  An efreet (D:13)
  A queen bee (D:9)
  2 deep elf priests (Elf:1)
  A hydra zombie (D:11)
  13 polar bears (Lair:8)
  2 spriggan druids
  A wolf spider simulacrum (IceCv)
  5 freezing wraiths (IceCv)
  2 boulder beetles
  34 jumping spiders
  12 trolls
  2 two-headed ogres
  2 giant leeches
  8 bog bodies
  2 hydra skeletons (D:14)
  A griffon zombie (D:13)
  5 baby alligators (Swamp:3)
  35 tarantellas
  5 slime creatures
  5 deep elf magi
  23 trapdoor spiders
  9 ravens
  56 redbacks
  19 blink frogs
  4 shadows
  46 yaks
  6 wyverns
  A chaos spawn (Orc:4)
  5 deep elf fighters
  11 spriggans
  A dire elephant simulacrum (IceCv)
  A human (D:7)
  4 harpy simulacra (IceCv)
  5 hippogriffs
  2 hogs (D:7)
  2 soldier ants
  9 vampire mosquitoes
  A hill giant skeleton (D:8)
  2 hungry ghosts
  31 wolves
  A steam dragon (D:7)
  5 wargs (Orc:4)
  9 swamp worms
  16 water moccasins
  16 porcupines
  A sky beast (D:12)
  2 human skeletons
  3 swamp drakes
  45 spiders
  An ogre skeleton (D:13)
  5 black bears
  3 hydra simulacra (IceCv)
  7 ice beasts
  23 orc warriors
  A phantom (D:12)
  12 centaurs
  5 yellow wasps
  11 ogres
  3 big kobolds
  A boggart (Depths:1)
  Duvessa (D:9)
  A yaktaur zombie (D:13)
  14 crocodiles
  2 boring beetles
  A cyclops zombie (D:12)
  18 giant frogs
  A gnoll sergeant (D:6)
  11 insubstantial wisps
  42 killer bees
  An eye of draining (D:10)
  A hippogriff zombie (D:10)
  10 scorpions
  A tengu skeleton (D:13)
  4 electric eels
  4 crimson imps
  A troll skeleton (D:11)
  5 wights
  Dowan (D:9)
  14 hounds
  2 giant frog zombies
  A giant frog skeleton (D:6)
  51 orc priests
  32 orc wizards
  11 worker ants
  2 orange rats (Elf:1)
  A draconian simulacrum (IceCv)
  13 iguanas
  2 jellies
  2 spriggan simulacra (IceCv)
  3 troll simulacra (IceCv)
  17 sheep
  A centaur simulacrum (IceCv)
  13 mummies (Ossuary)
  A hound skeleton (D:8)
  86 green rats
  2 worker ant zombies
  2 naga simulacra (IceCv)
  26 adders
  8 gnolls
  An ogre simulacrum (IceCv)
  3 giant mites
  5 shadow imps
  17 white imps
  A worm (D:3)
  2 ufetubi (IceCv)
  An iguana zombie (D:6)
  An adder skeleton (D:9)
  An iguana skeleton (D:10)
  7 giant geckos
  An ooze (D:2)
  235 orcs
  25 bats
  7 giant cockroaches
  29 hobgoblins
  7 jackals
  6 quokkas
  4 ball pythons (Sewer)
  13 giant newts
  25 goblins
  A jackal zombie (D:5)
  46 kobolds
  5 kobold skeletons
  3 orc skeletons (Ossuary)
  16 rats
  12 rat skeletons
  A ballistomycete (D:7)
  2 bushes (Lair:2)
  4 fungi
  2 plants
1724 creatures vanquished.

Vanquished Creatures (others)
  A scorpion (Spider:4)
  An electric eel (Spider:1)
  4 ufetubi (IceCv)
  A giant spore (D:7)
  A kobold skeleton (Ossuary)
8 creatures vanquished.

Grand Total: 1732 creatures vanquished

Notes
Turn   | Place    | Note
--------------------------------------------------------------
     0 | D:1      | Heini, the Minotaur Fighter, began the quest for the Orb.
     0 | D:1      | Reached XP level 1. HP: 19/19 MP: 1/1
   251 | D:1      | Reached skill level 4 in Fighting
   257 | D:1      | Reached XP level 2. HP: 21/27 MP: 1/1
   618 | D:1      | Reached XP level 3. HP: 34/34 MP: 2/2
  1106 | D:2      | Found a shattered altar of Ashenzari.
  1117 | D:2      | Saw a vision of the Swamp and the Spider Nest.
  1117 | D:2      | Noticed a redback
  1117 | D:2      | Noticed a scorpion
  1117 | D:2      | Noticed a yellow wasp
  1117 | D:2      | Noticed a redback
  1117 | D:2      | Noticed a spider
  1117 | D:2      | Noticed a raven
  1117 | D:2      | Noticed a water moccasin
  1117 | D:2      | Noticed an alligator
  1117 | D:2      | Noticed a baby alligator
  1117 | D:2      | Noticed a baby alligator
  1117 | D:2      | Noticed a baby alligator
  1117 | D:2      | Noticed a swamp drake
  1118 | D:2      | Noticed a baby alligator
  1118 | D:2      | Noticed a baby alligator
  1118 | D:2      | Noticed an alligator
  1119 | D:2      | Noticed a baby alligator
  1414 | D:3      | Reached XP level 4. HP: 20/41 MP: 2/2
  1430 | D:3      | Found a glowing drain.
  1434 | Sewer    | Entered a sewer
  1711 | Sewer    | Reached skill level 5 in Fighting
  1711 | Sewer    | Reached skill level 5 in Armour
  1994 | D:3      | Reached XP level 5. HP: 44/48 MP: 2/2
  2634 | D:4      | Reached XP level 6. HP: 42/56 MP: 3/3
  2657 | D:4      | Reached skill level 6 in Armour
  2735 | D:4      | Found a staircase to the Ecumenical Temple.
  2755 | Temple   | Entered the Ecumenical Temple
  2764 | Temple   | Became a worshipper of Warmaster Okawaru
  3046 | D:4      | Reached skill level 5 in Maces & Flails
  3342 | D:5      | Entered Level 5 of the Dungeon
  3453 | D:5      | Found a sand-covered staircase.
  3467 | D:5      | Reached XP level 7. HP: 55/63 MP: 3/3
  3472 | Ossuary  | Entered an ossuary
  3634 | Ossuary  | Reached skill level 7 in Armour
  3991 | Ossuary  | Acquired Okawaru's first power
  4622 | D:5      | Reached XP level 8. HP: 57/73 MP: 3/3
  4993 | D:6      | Noticed SolBianca's ghost (experienced HuBe)
  5011 | D:6      | Killed SolBianca's ghost
  5011 | D:6      | Reached skill level 8 in Fighting
  5510 | D:6      | Reached skill level 9 in Maces & Flails
  5510 | D:6      | Reached XP level 9. HP: 69/82 MP: 4/4
  6175 | D:7      | Found Uwnuew's Jewellery Shoppe.
  6351 | D:7      | Found a shadowy altar of Dithmenos.
  6400 | D:7      | Reached skill level 10 in Maces & Flails
  6941 | D:7      | Reached skill level 10 in Fighting
  6955 | D:7      | Reached skill level 11 in Maces & Flails
  7094 | D:8      | Reached XP level 10. HP: 25/94 MP: 4/5
  7217 | D:8      | Noticed a manticore
  7471 | D:8      | Killed a manticore
  7471 | D:8      | Reached skill level 1 in Evocations
  7978 | D:8      | Reached skill level 10 in Armour
  8449 | D:9      | Noticed Dowan
  8450 | D:9      | Noticed Duvessa
  8459 | D:9      | Killed Duvessa
  8464 | D:9      | Killed Dowan
  8565 | D:9      | Reached skill level 12 in Maces & Flails
  8810 | D:9      | Noticed a white ugly thing
  8819 | D:9      | Killed a white ugly thing
  8819 | D:9      | Acquired Okawaru's second power
  9233 | D:10     | Entered Level 10 of the Dungeon
  9241 | D:10     | Noticed a hill giant
  9420 | D:10     | Killed a hill giant
  9420 | D:10     | Reached skill level 13 in Maces & Flails
  9420 | D:10     | Reached XP level 11. HP: 77/104 MP: 6/6
 10042 | D:11     | Found a staircase to the Lair.
 10440 | Lair:1   | Entered Level 1 of the Lair of Beasts
 11116 | Lair:1   | Reached skill level 14 in Maces & Flails
 11156 | Lair:1   | Received a gift from Okawaru
 11873 | Lair:2   | Received a gift from Okawaru
 11880 | Lair:2   | Got a twisted dire flail {god gift}
 12097 | Lair:2   | Reached XP level 12. HP: 109/115 MP: 7/7
 12105 | Lair:2   | Reached skill level 15 in Maces & Flails
 12494 | Lair:2   | You fall through a shaft!
 12559 | Lair:3   | Found a staircase to the Swamp.
 12586 | Swamp:1  | Entered Level 1 of the Swamp
 12881 | Lair:3   | Noticed Nergalle
 12887 | Lair:3   | Killed Nergalle
 13456 | Lair:4   | Received a gift from Okawaru
 13459 | Lair:4   | Got a pair of polished boots {god gift}
 13473 | Lair:4   | Identified the +0 pair of boots "Hero's Friend" {rElec MR+} (Okawaru gifted it to you on level 4 of the Lair of Beasts)
 13652 | Lair:4   | Reached skill level 16 in Maces & Flails
 13691 | Lair:4   | Noticed an eight-headed hydra
 13989 | Lair:5   | Found a hole to the Spider Nest.
 14038 | Lair:5   | Noticed an eight-headed hydra
 14044 | Lair:5   | Killed an eight-headed hydra
 14153 | Lair:5   | Gained mutation: Your flesh is heat resistant. [potion of beneficial mutation]
 14154 | Lair:5   | Gained mutation: Your system is resistant to poisons. [potion of beneficial mutation]
 14317 | Lair:5   | Noticed Rupert
 14347 | Lair:5   | Paralysed by Rupert for 3 turns
 14356 | Lair:5   | Killed Rupert
 14481 | Lair:5   | Reached XP level 13. HP: 69/125 MP: 7/7
 14483 | Lair:5   | Reached skill level 1 in Invocations
 15302 | Lair:4   | Killed an eight-headed hydra
 15368 | Lair:4   | Found a radiant altar of Vehumet.
 15548 | Lair:4   | Reached skill level 17 in Maces & Flails
 15716 | Lair:6   | Found a dark tunnel.
 15748 | Volcano  | Entered a volcano
 15752 | Volcano  | Noticed Nessos
 16194 | Lair:6   | Received a gift from Okawaru
 16280 | Lair:6   | Reached skill level 15 in Fighting
 16638 | Lair:6   | Got a brightly glowing bronze ring
 16887 | Lair:7   | Received a gift from Okawaru
 17519 | Lair:8   | Entered Level 8 of the Lair of Beasts
 18190 | Lair:8   | Reached skill level 18 in Maces & Flails
 18205 | Lair:8   | Received a gift from Okawaru
 18211 | Lair:8   | Got a polished buckler {god gift}
 18499 | Lair:8   | Reached XP level 14. HP: 59/136 MP: 8/8
 19439 | Lair:8   | Found a viscous altar of Jiyva.
 19440 | Lair:8   | Found a staircase to the Slime Pits.
 19881 | Lair:1   | Noticed a six-headed hydra
 19889 | Lair:1   | Killed a six-headed hydra
 19901 | D:11     | Noticed a six-headed hydra
 19908 | D:11     | Killed a six-headed hydra
 19920 | D:11     | Reached skill level 19 in Maces & Flails
 20223 | D:11     | Noticed a hill giant
 20232 | D:11     | Killed a hill giant
 20272 | D:11     | Noticed Harold
 20295 | D:11     | Killed Harold
 20360 | D:11     | Noticed Urug
 20371 | D:11     | Killed Urug
 20574 | D:11     | Received a gift from Okawaru
 20820 | D:12     | Identified the ring "Crumeeg" {rElec rF+ Dex+3 SInv} (You found it on level 6 of the Lair of Beasts)
 20856 | D:12     | Noticed Erica
 20875 | D:12     | Killed Erica
 21138 | D:12     | Found a staircase to the Orcish Mines.
 21236 | D:12     | Found a basalt altar of Yredelemnul.
 21478 | D:12     | Found a shimmering altar of Xom.
 21478 | D:12     | Noticed a sphinx
 21484 | D:12     | Killed a sphinx
 21525 | Orc:1    | Entered Level 1 of the Orcish Mines
 21870 | Orc:3    | Noticed Fannar
 21879 | Orc:3    | Killed Fannar
 22205 | Orc:3    | Found a roughly hewn altar of Beogh.
 22271 | Orc:3    | Found Kleo's General Store.
 22326 | Orc:3    | Found Joiha's Antique Weapon Boutique.
 22476 | Orc:4    | Entered Level 4 of the Orcish Mines
 22499 | Orc:4    | Found a staircase to the Elven Halls.
 22944 | Orc:2    | Noticed Erolcha
 22951 | Orc:2    | Killed Erolcha
 22978 | Orc:2    | Found an iron altar of Okawaru.
 23096 | Orc:2    | Found an iron altar of Okawaru.
 23382 | Orc:2    | Found Zybbesk's Jewellery Shop.
 23404 | Orc:2    | Found a roughly hewn altar of Beogh.
 23424 | Orc:2    | Reached skill level 20 in Maces & Flails
 24702 | Orc:4    | Reached XP level 15. HP: 82/147 MP: 9/9
 24732 | Orc:4    | Received a gift from Okawaru
 25080 | Orc:4    | Found a roughly hewn altar of Beogh.
 25090 | Orc:4    | Found Koelaj's Assorted Antiques.
 25303 | Orc:4    | Found Shrit's Magic Scroll Shop.
 25499 | Orc:4    | Noticed Joseph
 25506 | Orc:4    | Killed Joseph
 25919 | Orc:4    | Found Zaqyuv's General Store.
 25919 | Orc:4    | Found Ameo's Magic Scroll Shoppe.
 26118 | Elf:1    | Entered Level 1 of the Elven Halls
 26182 | Elf:1    | Reached skill level 15 in Armour
 26539 | Elf:1    | Received a gift from Okawaru
 26542 | Elf:1    | Got a crude scale mail {god gift}
 26562 | Elf:1    | Identified the -3 scale mail of Divine Compulsion {rN+ Str+3 Dex+2 Int+2} (Okawaru gifted it to you on level 1 of the Elven Halls)
 26773 | D:13     | Found a flagged portal.
 26785 | Bailey   | Entered a bailey
 26799 | Bailey   | Noticed CrazyArbalest's ghost (experienced HaFi)
 26863 | Bailey   | Killed CrazyArbalest's ghost
 26972 | Bailey   | Got a fine turquoise ring
 27807 | D:13     | Reached skill level 21 in Maces & Flails
 28330 | D:14     | Noticed Roxanne
 28340 | D:14     | Killed Roxanne
 28692 | D:14     | Found a gate to the Vaults.
 28711 | D:14     | Identified the ring of Ozeo {rElec rN+ Str+2 SInv} (You found it in a bailey)
 28762 | D:15     | Entered Level 15 of the Dungeon
 28863 | D:15     | Received a gift from Okawaru
 28881 | D:15     | Found a staircase to the Depths.
 29323 | D:15     | Reached XP level 16. HP: 151/157 MP: 9/9
 29391 | D:15     | Found a blossoming altar of Fedhas.
 29507 | D:15     | Received a gift from Okawaru
 29532 | D:15     | Found an iron altar of Okawaru.
 30058 | Swamp:1  | Reached skill level 22 in Maces & Flails
 30169 | Spider:1 | Entered Level 1 of the Spider Nest
 30360 | Spider:1 | Noticed Louise
 30370 | Spider:1 | Killed Louise
 30817 | Spider:1 | Noticed Aizul
 30833 | Spider:1 | Killed Aizul
 31535 | Spider:2 | Noticed Frances
 31549 | Spider:2 | Killed Frances
 31831 | Spider:2 | Received a gift from Okawaru
 32795 | Spider:3 | Reached skill level 23 in Maces & Flails
 32962 | Spider:3 | Noticed Nikola
 32974 | Spider:3 | Killed Nikola
 33160 | Spider:3 | Received a gift from Okawaru
 34870 | Spider:4 | Reached XP level 17. HP: 108/168 MP: 9/9
 35737 | Spider:5 | Entered Level 5 of the Spider Nest
 36086 | Spider:5 | Received a gift from Okawaru
 36661 | Spider:5 | Noticed Arachne
 36713 | Spider:5 | Killed Arachne
 36732 | Spider:5 | Received a gift from Okawaru
 36736 | Spider:5 | Got a bloodstained scale mail {god gift}
 36943 | Spider:5 | Identified the +0 scale mail "Psyrish" {Str-2 Int+2} (Okawaru gifted it to you on level 5 of the Spider Nest)
 37368 | Spider:5 | Reached skill level 24 in Maces & Flails
 38160 | Spider:5 | Got a gossamer rune of Zot
 38906 | Swamp:1  | Noticed a six-headed hydra
 38912 | Swamp:1  | Killed a six-headed hydra
 39015 | Swamp:1  | Noticed a five-headed hydra
 39023 | Swamp:1  | Killed a five-headed hydra
 39024 | Swamp:1  | Noticed a seven-headed hydra
 39032 | Swamp:1  | Killed a seven-headed hydra
 39055 | Swamp:1  | Received a gift from Okawaru
 39579 | Depths:1 | Entered Level 1 of the Depths
 39880 | Depths:1 | Reached XP level 18. HP: 145/180 MP: 10/10
 40606 | Depths:1 | Received a gift from Okawaru
 40607 | Depths:1 | Got an ichor-stained demon whip {god gift}
 40676 | Depths:1 | Identified the +6 demon whip of Chaos {flame, Dex+3 Stlth+} (Okawaru gifted it to you on level 1 of the Depths)
 40796 | D:12     | Identified the +3 buckler of Dawn {rPois rN+} (Okawaru gifted it to you on level 8 of the Lair of Beasts)
 41125 | Swamp:2  | Identified the Incunabulum of Displacement
 41368 | Swamp:2  | Reached skill level 25 in Maces & Flails
 42849 | Swamp:4  | Found a frozen archway.
 42868 | IceCv    | Entered an ice cave
 43975 | IceCv    | Drowned

Action                   |  1- 3 |  4- 6 |  7- 9 | 10-12 | 13-15 | 16-18 || total
-------------------------+-------+-------+-------+-------+-------+-------++-------
Melee: Flail             |    77 |   204 |   385 |   315 |       |       ||   981
       Morningstar       |       |       |       |   181 |       |       ||   181
       Great mace        |       |       |       |   285 |  1627 |  1057 ||  2969
       Demon whip        |       |       |       |       |       |   282 ||   282
Invok: Heroism           |       |       |       |     3 |     2 |     2 ||     7
       Finesse           |       |       |       |       |     1 |     1 ||     2
 Abil: Evoke Flight      |       |       |       |       |     3 |     1 ||     4
Evoke: Wand              |       |       |     2 |       |     4 |     3 ||     9
  Use: Scroll            |       |     9 |     9 |    16 |     9 |     5 ||    48
       Potion            |       |       |       |     5 |     3 |     4 ||    12
 Stab: Distracted        |       |       |       |     1 |       |     1 ||     2
       Confused          |       |       |       |       |       |     1 ||     1
  Eat: Chunk             |     2 |     6 |     8 |    23 |    49 |    38 ||   126
       Bread ration      |       |       |     1 |       |       |     1 ||     2
       Beef jerky        |       |       |       |     1 |       |       ||     1
       Fruit             |       |       |       |       |       |     3 ||     3
       Royal jelly       |       |       |       |       |       |     1 ||     1
